 Dungeon Crawl Stone Soup version 0.28-a0-1233-g92def6ad0a (webtiles) character file.

Game seed: 10484685102747005729

436 Lekart the Thaumaturge (level 6, -7/47 HPs)
             Began as a Draconian Chaos Knight on Dec 23, 2021.
             Was a Plaything of Xom.
             Mangled by a gnoll (12 damage)
             ... on level 3 of the Dungeon.
             The game lasted 00:04:00 (3031 turns).

Lekart the Thaumaturge (Draconian Chaos Knight)     Turns: 3031, Time: 00:04:00

Health: -7/47      AC:  6    Str: 13 (15) XL:     6   Next: 68%
Magic:  5/19       EV: 12    Int: 11 (12) God:    Xom [...*..]
Gold:   95         SH:  0    Dex:  9 (10) Spells: 26/26 levels left

rFire   . . .      SeeInvis .   a - +0 hand axe (chaos)
rCold   . . .      Faith    .   (no shield)
rNeg    . . .      Spirit   .   (armour unavailable)
rPois   +          Reflect  .   (helmet restricted)
rElec   .          Harm     .   (no cloak)
rCorr   .          Rampage  .   (no gloves)
Will    .....                   (no boots)
Stlth   +.........              (no amulet)
HPRegen 0.15/turn               (no ring)
MPRegen 0.16/turn               (no ring)

@: brilliant, unable to read
A: AC +6, unfitting armour, cold-blooded, clumsy 1, deterioration 1, frail 1,
poison resistance, screaming 1, inability to read while threatened, MP-powered
wands
a: Renounce Religion


You were on level 3 of the Dungeon.
You worshipped Xom.
You were a favourite toy of Xom.
You visited 1 branch of the dungeon, and saw 3 of its levels.

You collected 95 gold pieces.

Inventory:

Hand Weapons
 a - a +0 hand axe of chaos (weapon)
Jewellery
 f - a ring of wizardry
Wands
 m - a wand of mindburst (9)
Scrolls
 b - a scroll of noise {unknown}
 c - a scroll of enchant weapon {unknown}
 e - 2 scrolls of identify {unknown}
 h - a scroll of summoning {unknown}
 i - a scroll of fog {unknown}
 n - a scroll of teleportation {unknown}
Potions
 k - a potion of mutation {unknown}
 l - a potion of might {unknown}


   Skills:
 + Level 4.7 Fighting
 + Level 5.0 Axes
 + Level 3.0 Dodging
 + Level 10.8 Spellcasting
 + Level 0.2 Evocations


You had 26 spell levels left.
You didn't know any spells.
Your spell library contained the following spells:

 Spells                   Type           Power      Damage    Failure   Level
 Gell's Gravitas          Tloc           8%         N/A       34%         3
 Lesser Beckoning         Tloc           8%         N/A       34%         3
 Teleport Other           Tloc           8%         N/A       34%         3


Dungeon Overview and Level Annotations

Branches:
Dungeon (3/15)

Altars:

Annotations:
D:3 Ijyb


Innate Abilities, Weirdness & Mutations

Your plain brown scales are hard. (AC +6)
You cannot fit into any form of body armour.
You are cold-blooded and may be slowed by cold attacks.
You are clumsy. (Dex -2)
Your body sometimes deteriorates upon taking damage.
You are frail. (-10% HP)
Your system is resistant to poisons. (rPois)
You occasionally shout uncontrollably at your foes.
You sometimes lose the ability to read scrolls when taking damage.
You expend magic power (3 MP) to strengthen your wands.


Message History

Aim: Ijyb, wielding a +2 dagger of protection, wearing a +0 leather armour of willpower and carrying a wand of digging (4) (heavily wounded, chance to affect: 38%) Ijyb resists with some effort.
You feel sick.
A gnoll comes into view. It is wielding a +0 halberd.
Aiming: Mindburst
Press: ? - help, Shift-Dir - straight line, f/p - Ijyb
Aim: Ijyb, wielding a +2 dagger of protection, wearing a +0 leather armour of willpower and carrying a wand of digging (4) (heavily wounded, chance to affect: 41%) Ijyb resists with some effort.
You feel sick.
You are no longer poisoned.
Aiming: Mindburst
Press: ? - help, Shift-Dir - straight line, f/p - Ijyb
Aim: Ijyb, wielding a +2 dagger of protection, wearing a +0 leather armour of willpower and carrying a wand of digging (4) (heavily wounded, chance to affect: 38%) Ijyb resists with some effort.
A gnoll comes into view. It is wielding a +0 spear.
Aiming: Mindburst
Press: ? - help, Shift-Dir - straight line, f/p - Ijyb
Aim: Ijyb, wielding a +2 dagger of protection, wearing a +0 leather armour of willpower and carrying a wand of digging (4) (heavily wounded, chance to affect: 38%) Ijyb resists with some effort.
You can read scrolls again.
Ijyb hits you but does no damage.
It was a potion of degeneration.
There was something very wrong with that liquid.
You feel weakened.
You feel dopey.
You feel clumsy.
A gnoll comes into view. It is wielding a +0 spear.
Ijyb hits you but does no damage.
It was a potion of brilliance.
You feel clever all of a sudden.
The gnoll shouts!
Ijyb hits you but does no damage.
Okay, then.
Ijyb zaps a wand.
Some rock shatters into small pieces.
The gnoll hits you from afar with a +0 halberd!
You feel threatened and lose the ability to read scrolls!
* * * LOW HITPOINT WARNING * * *
You can read scrolls again.
Ijyb zaps a wand.
Some rock shatters into small pieces.
Found a robe.
You hear a zap.
You hear a grinding noise.
The gnoll hits you from afar with a +0 halberd!
You feel threatened and lose the ability to read scrolls!
You die...

............###.#..####...######.
###..######.##............######.
###[........#####................
..>.........#####(...##.###.####.
####.#...............##..........
...........#####...<.##..##.#####
####.......# #...>.##.)# .##### #
####..#>.#####....###..##.#....
###..........^..@.......)........
#.......#######..#.###.#.##.#.###
#.....).# #..g......#.#.........
#.......# #.###...#.#.#...##.###
#.......# #.###'#.....#.........
#.......####.#.......###...)#.##.
#............+..g.........).#.##.
#......#####.#......#.###...#.##.
.......# #[..g...................


You could see 2 gnolls.

Vanquished Creatures
  An ogre (D:3)
  A scorpion (D:3)
  An orc priest (D:3)
  An orc wizard (D:3)
  2 adders (D:2)
  2 dart slugs (D:1)
  2 orcs (D:3)
  5 endoplasms (D:2)
  A giant cockroach (D:2)
  4 goblins
  7 hobgoblins
  2 quokkas (D:2)
  2 ball pythons (D:1)
  A bat (D:3)
  A frilled lizard (D:2)
  A kobold (D:2)
  A rat (D:1)
35 creatures vanquished.

Notes
Turn   | Place    | Note
-------+----------+-------------------------------------------
     0 | D:1      | Lekart the Draconian Chaos Knight began the quest for the
                  | Orb.
     0 | D:1      | Reached XP level 1. HP: 19/19 MP: 1/1
    56 | D:1      | XOM: silly message
   299 | D:1      | XOM: 2-stop teleportation journey
   422 | D:1      | Reached XP level 2. HP: 18/26 MP: 2/2
   562 | D:1      | Found a faded altar of an unknown god.
   865 | D:1      | XOM: give mutations
   865 | D:1      | Gained mutation: Your body sometimes deteriorates upon
                  | taking damage. [Xom's mischief]
   865 | D:1      | Gained mutation: You passively map a small area around you.
                  | [Xom's mischief]
   865 | D:1      | Gained mutation: You are clumsy. (Dex -2) [Xom's mischief]
   906 | D:1      | XOM: give mutations
   906 | D:1      | Gained mutation: You occasionally shout uncontrollably at
                  | your foes. [Xom's mischief]
   906 | D:1      | Gained mutation: You frequently scream uncontrollably at
                  | your foes. [Xom's mischief]
   906 | D:1      | Lost mutation: You are clumsy. (Dex -2) [Xom's mischief]
  1209 | D:2      | XOM: stat loss: -1 Str (13/14)
  1358 | D:2      | Reached XP level 3. HP: 26/33 MP: 3/3
  2024 | D:2      | XOM: give mutations
  2024 | D:2      | Gained mutation: You are frail. (-10% HP) [Xom's mischief]
  2024 | D:2      | Gained mutation: Your system is resistant to poisons.
                  | (rPois) [Xom's mischief]
  2169 | D:2      | XOM: give mutations
  2169 | D:2      | Lost mutation: You are frail. (-10% HP) [Xom's mischief]
  2169 | D:2      | Gained mutation: You expend magic power (3 MP) to
                  | strengthen your wands. [Xom's mischief]
  2169 | D:2      | Lost mutation: You passively map a small area around you.
                  | [Xom's mischief]
  2376 | D:3      | XOM: butterfly on damage
  2384 | D:3      | Reached XP level 4. HP: 28/40 MP: 4/4
  2433 | D:2      | XOM: stat loss: -1 Str (14/15)
  2547 | D:3      | Noticed a scorpion
  2547 | D:3      | XOM: cleaving
  2548 | D:3      | XOM: 3-stop teleportation journey
  2553 | D:3      | Noticed an ogre
  2556 | D:3      | Killed an ogre
  2557 | D:3      | Reached XP level 5. HP: 47/47 MP: 0/5
  2720 | D:3      | XOM: give mutation
  2720 | D:3      | Gained mutation: You sometimes lose the ability to read
                  | scrolls when taking damage. [Xom's mischief]
  2780 | D:3      | XOM: give mutations
  2780 | D:3      | Lost mutation: You frequently scream uncontrollably at your
                  | foes. [Xom's mischief]
  2780 | D:3      | Gained mutation: You are clumsy. (Dex -2) [Xom's mischief]
  2780 | D:3      | Gained mutation: You are frail. (-10% HP) [Xom's mischief]
  2993 | D:3      | Reached skill level 10 in Spellcasting
  2993 | D:3      | Reached XP level 6. HP: 21/47 MP: 5/19
  2994 | D:3      | Noticed Ijyb
  2995 | D:3      | Reached skill level 5 in Axes
  3012 | D:3      | HP: 2/47 [gnoll (8)]
  3031 | D:3      | Mangled by a gnoll

Illustrated notes

Levels and vault maps discovered:
D:1:      heliophobic_arrival_battle_scene, layout_basic,
          nicolae_ecumenical_lake_church, serial_glass, glass_columns_b,
          glass_columns_a, glass_columns_a, glass_columns_a, glass_columns_c,
          glass_columns_b, glass_columns_c, glass_columns_b, glass_columns_c,
          glass_columns_a, glass_columns_a, glass_columns_a, glass_columns_a,
          glass_columns_b, chequers_serial_rivers_marsh
D:2:      layout_loops_corners
D:3:      layout_basic, mainiacjoe_overflow_two_lobes, uniq_ijyb

Skill      XL: |  1  2  3  4  5  6 |
---------------+-------------------+-----
Fighting       | 4 |  4.7
Axes           | 4 5 |  5.0
Dodging        | 3 |  3.0
Spellcasting   | 10 | 10.8
Evocations     | |  0.2

Action                   |  1- 3 |  4- 6 || total
-------------------------+-------+-------++-------
Melee: Hand axe          |    79 |    27 ||   106
       Tailslap          |     7 |       ||     7
Evoke: Wand              |       |    11 ||    11
  Use: Potion            |       |     4 ||     4
Armor: Skin              |    18 |    16 ||    34
Dodge: Dodged            |    43 |    15 ||    58

Table legend: (Time is in decaauts)
 A = Elapsed time spent in this place.
 B = Non-inter-level travel time spent in this place.
 C = Inter-level travel time spent in this place.
 D = Time resting spent in this place.
 E = Time spent auto-exploring this place.
 F = Levels seen in this place.
 G = Mean time per level.
                   A        B        C        D        E       F      G
               +--------+--------+--------+--------+--------+-----+--------+
         Total |   3052 |   3013 |     39 |    418 |   2268 |   3 | 1017.3 |
       Dungeon |   3052 |   3013 |     39 |    418 |   2268 |   3 | 1017.3 |
               +--------+--------+--------+--------+--------+-----+--------+

Top non-repeatable levels by time:
     D:2: 1408 daAuts
     D:1: 1134 daAuts
     D:3: 510 daAuts
